[Event "NJSK 2024 A"]
[Site "Groningen, Netherlands"]
[Date "2024.04.27"]
[Round "1.1"]
[White "Blom, Rens"]
[Black "Slagboom, Leandro"]
[Result "0-1"]
[TimeControl "90min/40moves + 30min + 30sec/move"]
[WhiteElo "1963"]
[BlackElo "2326"]

1. c4 e6 2. e4 c5 3. Nc3 Nc6 4. g3 Nd4 5. Bg2 Ne7 6. Nge2 Nec6 7. O-O Be7 8. d3 O-O 9. Nxd4 cxd4 10.
Ne2 Rb8 11. b3 b5 12. cxb5 Rxb5 13. Bb2 e5 14. f4 d6 15.
Kh1 a5 16. Rc1 Nb4 17. Ra1 Rc5 18. Ba3 Qb6 19. Bxb4 Qxb4 20. Rc1 Ba6 21. Bh3 g6 22. Rxc5 Qxc5 23. f5 Bg5 24. Ng1 Be3 25.
Nf3 Qc3 26. Ne1 Qd2 27. Qf3 f6 28. fxg6 hxg6 29. Be6+ Kg7 30. Bc4 Bxc4 31. bxc4 Qxa2 32. Ng2 Qd2 33. Nxe3 dxe3 34. Rd1 e2 0-1

[Event "NJSK 2024 A"]
[Site "Groningen, Netherlands"]
[Date "2024.04.27"]
[Round "1.2"]
[White "Labruyere, Roger"]
[Black "Wiersma, Camiel"]
[Result "1-0"]
[TimeControl "90min/40moves + 30min + 30sec/move"]
[WhiteElo "2267"]
[BlackElo "1963"]

1. e4 c5 2. Nf3 Nc6 3. d4 cxd4 4. Nxd4 Nf6 5. Nc3 e5 6. Ndb5 d6 7. Nd5 Nxd5 8. exd5 Nb8 9. c4 a6 10.
Nc3 Be7 11. Be2 O-O 12. O-O f5 13. f4 Nd7 14. Kh1 Bf6 15. a4 a5 16. Nb5 Nc5 17. Qc2 Qe7 18. Be3 b6 19. Rf3 Bd7 20.
Raf1 Rae8 21. Bd1 Bxb5 22. axb5 e4 23. Rh3 Qc7 24. g4 fxg4 25. Bxg4 g6 26. Qg2 Nd3 27. Be6+ Rxe6 28. dxe6 Qxc4 29.
f5 Ne5 30. fxg6 Nxg6 31. Rg1 Qxe6 32. Rxh7 Be5 33. Rh6 Rf6 34. Rxg6+ 1-0

[Event "NJSK 2024 A"]
[Site "Groningen, Netherlands"]
[Date "2024.04.27"]
[Round "1.3"]
[White "Smid, Jelle"]
[Black "Bakija, Alan"]
[Result "1/2-1/2"]
[TimeControl "90min/40moves + 30min + 30sec/move"]
[WhiteElo "1917"]
[BlackElo "2101"]

1. e4 d6 2. d4 Nf6 3. Nc3 e5 4. Nf3 Nbd7 5. Be2 Be7 6. h3 c6 7. Be3 b5 8. a3 Qc7 9. O-O O-O 10.
Re1 Re8 11. Bf1 Bf8 12. Bg5 Bb7 13. Qd3 a5 14. b4 axb4 15. axb4 Rxa1 16. Rxa1 d5 17. Bxf6 Nxf6 18. dxe5 dxe4 19.
Nxe4 Nxe4 20. Qxe4 c5 21. Qg4 c4 22. c3 Bxf3 23. Qxf3 Qxe5 24. Ra7 Re7 25. Ra8 Qe4 26. Qxe4 Rxe4 27.
Rb8 Re1 28. Rxb5 Rc1 29. Rb8 Rxc3 30. b5 Rc1 31. b6 c3 32. b7 Rb1 33. Rc8 Rxb7 34. Rxc3 1/2-1/2

[Event "NJSK 2024 A"]
[Site "Groningen, Netherlands"]
[Date "2024.04.27"]
[Round "1.4"]
[White "Snijders, Take"]
[Black "Klugstedt, Vincent"]
[Result "1/2-1/2"]
[TimeControl "90min/40moves + 30min + 30sec/move"]
[WhiteElo "2090"]
[BlackElo "1913"]

1. e4 c5 2. Nf3 g6 3. d4 cxd4 4. Nxd4 Bg7 5. c4 Nc6 6. Be3 Nf6 7. Nc3 O-O 8. Be2 d6 9. O-O Nxd4 10.
Bxd4 a5 11. b3 Bd7 12. Qc2 Bc6 13. Rfd1 Qc7 14. a3 Rfc8 15. b4 b5 16. cxb5 axb4 17. bxc6 bxc3 18. Bb5 Qa5 19. a4 Ne8 20.
Bxg7 Kxg7 21. Rac1 Nc7 22. Qxc3+ Qxc3 23. Rxc3 Ra5 24. Rb1 f5 25. f3 Kf6 26. Kf2 fxe4 27. fxe4 Ke5 28. Rf3 Ne6 29. Rf7 Rc7 30. Rxh7 Nc5 31. Ra1 Nxe4+ 32. Ke3 Nc3 33.
Re1 Nxb5 34. Kd3+ Kd5 35. axb5 Rxb5 36. Rhxe7 Rxc6 37. Rg7 Rb2 38. Re2 Rb3+ 39. Kd2 Rcc3 40. Rxg6 Kc5 41. h4 Rg3 42.
Rxg3 Rxg3 43. h5 d5 44. h6 Rg6 45. h7 Rh6 46. Re7 Kd6 47. Rg7 Ke5 48. Ke3 Rh1 49. Re7+ Kf6 50. Rd7 Rh4 51.
g3 Rh5 52. Kd4 Kg6 53. Ke3 Rxh7 54. Rxd5 Rf7 55. Ke4 Rf1 56. Ra5 Rf2 57. Ke3 Rf1 58. g4 Rf8 59. Ke4 Rf1 60. Ra8 Kg7 61.
Ke5 Rf2 62. Ra6 Rf1 63. Ra7+ Kg6 64. Ra8 Kg7 65. Ke6 Rf2 66. Ra5 Kg6 67. Rd5 Re2+ 68. Kd6 Re1 1/2-1/2

[Event "NJSK 2024 A"]
[Site "Groningen, Netherlands"]
[Date "2024.04.27"]
[Round "1.5"]
[White "Ramak, Vince"]
[Black "Moskalets, Sofiia"]
[Result "0-1"]
[TimeControl "90min/40moves + 30min + 30sec/move"]
[WhiteElo "1902"]
[BlackElo "2050"]

1. e4 c5 2. Be2 Nc6 3. d3 e6 4. f4 d5 5. Nf3 Nf6 6. e5 Nd7 7. c3 d4 8. Nbd2 Be7 9. O-O O-O 10.
Ne4 f6 11. cxd4 cxd4 12. exf6 Nxf6 13. a3 Nd5 14. g3 b5 15. Re1 Qb6 16. Bf1 h6 17. Bh3 b4 18. Ne5 Nxe5 19. fxe5 Ne3 20.
Bxe3 dxe3 21. d4 Bb7 22. Rxe3 Rad8 23. Nd6 Bxd6 24. Bxe6+ Kh8 25. exd6 Rxd6 26. Qe2 Qxd4 27. Bh3 Ba6 28.
Qe1 Re8 29. Kf2 Rf6+ 0-1

[Event "NJSK 2024 A"]
[Site "Groningen, Netherlands"]
[Date "2024.04.27"]
[Round "1.6"]
[White "Van Hesselingen, Guido"]
[Black "Van de Poel, Jona"]
[Result "1/2-1/2"]
[TimeControl "90min/40moves + 30min + 30sec/move"]
[WhiteElo "2016"]
[BlackElo "1865"]

1. e4 c5 2. Nf3 e6 3. d4 cxd4 4. Nxd4 Nf6 5. Nc3 Nc6 6. Ndb5 d6 7. Bf4 e5 8. Bg5 a6 9. Na3 b5 10.
Nd5 Be7 11. Bxf6 Bxf6 12. c3 O-O 13. h4 Ne7 14. Nxf6+ gxf6 15. Bd3 f5 16. exf5 Bxf5 17. Bxf5 Nxf5 18. Qd3 Qf6 19. Nc2 Nxh4 20.
Qh3 Qf5 21. O-O-O Qxh3 22. Rxh3 Ng6 23. Rxd6 Nf4 24. Re3 Rad8 25. Rxd8 Rxd8 26. Nb4 f6 27. Kc2 Kf7 28. Nxa6 Nxg2 29.
Rh3 Ne1+ 30. Kb3 Kg6 31. Nc5 Rd2 32. Re3 Nc2 33. Rg3+ Kf7 34. Rf3 Na1+ 35. Ka3 Nc2+ 36. Kb3 Na1+ 37.
Ka3 1/2-1/2

[Event "NJSK 2024 A"]
[Site "Groningen, Netherlands"]
[Date "2024.04.27"]
[Round "1.7"]
[White "Leorato, Imanol"]
[Black "Khatniuk, Anastasiia"]
[Result "0-1"]
[TimeControl "90min/40moves + 30min + 30sec/move"]
[WhiteElo "1837"]
[BlackElo "2012"]

1. e4 c5 2. Nf3 e6 3. d4 cxd4 4. Nxd4 a6 5. Bd3 Bc5 6. Nb3 Ba7 7. Nc3 Nc6 8. Qe2 Nge7 9. Bg5 Qc7 10.
O-O-O d6 11. Rhe1 h6 12. Be3 b5 13. Bxb5 axb5 14. Nxb5 Qb8 15. Nxd6+ Kf8 16. Qh5 Ng6 17. f4 Bxe3+ 18. Rxe3 Kg8 19. Rg3 Nce7 20. f5 exf5 21. exf5 Ne5 22. f6 N7g6 23. fxg7 Rh7 24. Nxf7 Nxf7 25. Qxg6 Qf4+ 26. Kb1 Bf5 27.
Qb6 Rc8 28. Nd4 Rxg7 29. Rf3 Qe4 30. Rxf5 Rxg2 31. Rc5 Rd8 32. a4 Rd6 33. Qb8+ Kh7 34. Qf8 Rf6 35. Rc7 Qg6 36. a5 Rgf2 37.
Ka2 Qh5 38. Rd3 Qxa5+ 0-1

[Event "NJSK 2024 A"]
[Site "Groningen, Netherlands"]
[Date "2024.04.28"]
[Round "2.1"]
[White "Slagboom, Leandro"]
[Black "Moskalets, Sofiia"]
[Result "1/2-1/2"]
[TimeControl "90min/40moves + 30min + 30sec/move"]
[WhiteElo "2326"]
[BlackElo "2050"]

1. d4 d5 2. c4 e6 3. Nc3 c5 4.
e3 Nf6 5. Nf3 a6 6. dxc5 Bxc5 7. a3 dxc4 8. Qxd8+ Kxd8 9. Ne5 Ke7 10. Nxc4 b5 11. b4 Ba7 12. Na5 Bb6 13. Nb3 Nc6 14.
Bb2 Bb7 15. Be2 Rhd8 16. O-O Nd7 17. a4 bxa4 18. Nxa4 Ba7 19. Rfc1 Rac8 20. Kf1 f6 21. Nac5 Bxc5 22. bxc5 Ra8 23.
Bc3 Rdc8 24. Ra4 Kf7 25. Bf3 Rab8 26. Rd1 Nce5 27. Bxb7 Rxb7 28. Na5 Rbc7 29. Bxe5 Nxe5 30. Nb3 Rb8 1/2-1/2

[Event "NJSK 2024 A"]
[Site "Groningen, Netherlands"]
[Date "2024.04.28"]
[Round "2.2"]
[White "Khatniuk, Anastasiia"]
[Black "Labruyere, Roger"]
[Result "0-1"]
[TimeControl "90min/40moves + 30min + 30sec/move"]
[WhiteElo "2012"]
[BlackElo "2267"]

1. e4 c5 2. Nf3 d6 3. Bb5+ Nd7 4. a4 a6 5. Bc4 Ngf6 6. Nc3 b6 7. d4 e6 8. O-O Bb7 9. d5 e5 10.
g3 g6 11. Kg2 Bg7 12. Bg5 h6 13. Bd2 O-O 14. Be2 Ne8 15. Nh4 Kh7 16. Bd3 Bf6 17. Nf3 Nc7 18. Qe2 Re8 19. Qe3 Bg7 20.
Nh4 Nf6 21. h3 Bc8 22. Kh2 Qd7 23. g4 Qd8 24. Qg3 Rb8 25. Ng2 b5 26. axb5 axb5 27. b3 Bd7 28. Ne3 Ra8 29. Kh1 Rxa1 30.
Rxa1 b4 31. Ne2 Nfxd5 32. Nxd5 Nxd5 33. exd5 e4 34. Ra7 exd3 35. Qxd3 Re7 36. Ra6 Qe8 37. Ra7 Rxe2 38. Rxd7 Rxd2 0-1

[Event "NJSK 2024 A"]
[Site "Groningen, Netherlands"]
[Date "2024.04.28"]
[Round "2.3"]
[White "Bakija, Alan"]
[Black "Van Hesselingen, Guido"]
[Result "1-0"]
[TimeControl "90min/40moves + 30min + 30sec/move"]
[WhiteElo "2101"]
[BlackElo "2016"]

1. Nf3 d5 2. g3 Nf6 3. Bg2 e6 4. O-O Be7 5. d4 O-O 6. c4 dxc4 7. Qc2 a6 8. a4 Bd7 9. Qxc4 Bc6 10.
Bg5 Bd5 11. Qc2 Be4 12. Qc1 h6 13. Bxf6 Bxf6 14. Rd1 Nc6 15. Nbd2 Bxf3 16. Nxf3 Qe7 17. e3 e5 18. d5 Nb4 19.
Nd2 c6 20. dxc6 Nxc6 21. Ne4 Rfd8 22. Qc5 Qe6 23. Qb6 Be7 24. Nc3 Rxd1+ 25. Rxd1 Nd8 26. Nd5 Bf8 27. Be4 Rc8 28. Qxe6 Nxe6 29.
Nb6 Rd8 30. Rxd8 Nxd8 31. Nc4 f6 32. Bd5+ Kh7 33. Kf1 Bc5 34. Ke2 b6 35. Kd3 Kg6 36. Kc3 a5 37. Na3 Nf7 38. Bxf7+ Kxf7 39.
Kc4 Ke6 40. Kb5 Kd5 41. Nc4 Ke4 42. Nxb6 Bb4 43. Nc4 Be1 44. Nxa5 Bxf2 45. Nc4 f5 46. a5 f4 47. gxf4 exf4 48.
a6 fxe3 49. a7 e2 50. a8=Q+ Kd4 51. Qa7+ 1-0

[Event "NJSK 2024 A"]
[Site "Groningen, Netherlands"]
[Date "2024.04.28"]
[Round "2.4"]
[White "Van de Poel, Jona"]
[Black "Snijders, Take"]
[Result "0-1"]
[TimeControl "90min/40moves + 30min + 30sec/move"]
[WhiteElo "1865"]
[BlackElo "2090"]

1. e4 c6 2. d4 d5 3. Nc3 dxe4 4. Nxe4 Nf6 5. Nxf6+ exf6 6. c3 Bd6 7. Bd3 O-O 8. Qc2 Re8+ 9.
Ne2 g6 10. h4 Be6 11. h5 f5 12. Be3 Nd7 13. hxg6 fxg6 14. O-O-O Qa5 15. d5 cxd5 16. g4 Ne5 17. gxf5 Nxd3+ 18. Qxd3 Bxf5 19. Qd4 Be4 20. Rh3 Be5 21. Qc5 Qxa2 22. Qb5 Re7 23. Bd4 Qb1+ 24. Kd2 Qc2+ 25. Ke1 Bxd4 26. cxd4 Qc6 27.
Qb4 Rae8 28. Re3 Qf6 29. Qc3 h5 30. Ng3 Bf3 31. Rdd3 h4 32. Nf1 Qf4 33. Rxe7 Rxe7+ 34. Re3 Rxe3+ 35. Nxe3 Kg7 36. Qc8 Qxd4 37. Qxb7+ Kh6 38. Qb8 a5 39. Kf1 Qd3+ 40. Kg1 Qb1+ 41. Nf1 Qf5 42. Qh8+ Kg5 43. Nh2 Be4 44.
Qd8+ Qf6 45. Qxa5 Qxb2 46. Qc5 Qf6 47. Qc8 Bf5 48. Qc5 Qa1+ 49. Nf1 Qe5 50. Nh2 Qe4 51. Qc3 h3 52. Qc1+ Kh5 53.
Qd1+ Bg4 54. f3 Qe3+ 55. Kf1 Bf5 56. Qxd5 Qc1+ 57. Ke2 Qf4 58. Ng4 h2 59. Nf2 Qg3 60. Qd1 Qe5+ 61. Kf1 Bh3+ 62. Nxh3 h1=Q+ 63. Ng1 Kh6 0-1

[Event "NJSK 2024 A"]
[Site "Groningen, Netherlands"]
[Date "2024.04.28"]
[Round "2.5"]
[White "Klugstedt, Vincent"]
[Black "Smid, Jelle"]
[Result "0-1"]
[TimeControl "90min/40moves + 30min + 30sec/move"]
[WhiteElo "1913"]
[BlackElo "1917"]

1. d4 e6 2. c4 f5 3. Nf3 Nf6 4. Bf4 b6 5. Nc3 Bb4 6. Qb3 Bxc3+ 7. Qxc3 d6 8. Qc2 O-O 9. e3 Bb7 10.
h3 Nbd7 11. Be2 a5 12. O-O Ne4 13. Nd2 g5 14. Bh2 Nxd2 15. Qxd2 Qf6 16. f4 Kh8 17. fxg5 Qxg5 18. Bf3 Bxf3 19.
Rxf3 Nf6 20. Raf1 Ne4 21. Qc2 Rf6 22. a3 Rg8 23. Kh1 Rfg6 24. Rg1 Qh5 25. Qd1 h6 26. b4 axb4 27. axb4 Ra8 28.
g4 fxg4 29. Rf4 Ra2 30. Qf1 Ng5 31. Rgxg4 Rg8 32. Rh4 Nf3 33. Rxf3 Qxh4 34. Rf4 Qd8 35. Rf7 Qa8+ 36. d5 Ra1 0-1

[Event "NJSK 2024 A"]
[Site "Groningen, Netherlands"]
[Date "2024.04.28"]
[Round "2.6"]
[White "Ramak, Vince"]
[Black "Blom, Rens"]
[Result "0-1"]
[TimeControl "90min/40moves + 30min + 30sec/move"]
[WhiteElo "1902"]
[BlackElo "1963"]

1. e4 d6 2. d4 Nf6 3. Nc3 g6 4. Be3 Bg7 5. Qd2 O-O 6. O-O-O c6 7. Bh6 b5 8. f3 Qa5 9. h4 b4 10.
Nb1 Qxa2 11. h5 Nbd7 12. Bxg7 Kxg7 13. hxg6 fxg6 14. Qh6+ Kf7 15. Nh3 Ke8 16. b3 a5 17. Ng5 a4 18.
bxa4 b3 19. cxb3 Qxb3 20. Bd3 Rb8 21. Kd2 Qb2+ 22. Ke3 Ng4+ 0-1

[Event "NJSK 2024 A"]
[Site "Groningen, Netherlands"]
[Date "2024.04.28"]
[Round "2.7"]
[White "Wiersma, Camiel"]
[Black "Leorato, Imanol"]
[Result "0-1"]
[TimeControl "90min/40moves + 30min + 30sec/move"]
[WhiteElo "1963"]
[BlackElo "1837"]

1. c4 e5 2. Nc3 Bb4 3. e4 Nf6 4. Bd3 c6 5. a3 Be7 6. Nf3 Qc7 7. O-O O-O 8. b4 d6 9. Bb2 Bg4 10.
h3 Bxf3 11. Qxf3 Nbd7 12. Ne2 Rfd8 13. Rfc1 Nf8 14. Qe3 Rac8 15. f4 Qb8 16. Bb1 exf4 17. Nxf4 Ng6 18. Nxg6 hxg6 19. d4 Nh7 20.
Rf1 Bf6 21. Ba2 c5 22. Rad1 Re8 23. h4 Re7 24. Qf4 b6 25. Ba1 Rce8 26. Rfe1 g5 27. hxg5 Nxg5 28. dxc5 dxc5 29. Qxb8 Rxb8 30.
e5 Rbe8 31. Rd5 cxb4 32. axb4 Rc7 33. Bc3 Be7 34. Kf2 Rd8 35. Re3 Rxd5 36. cxd5 Rxc3 37. Rxc3 Ne4+ 38. Ke3 Nxc3 39. d6 Bg5+ 40.
Kd4 Nxa2 41. b5 Kf8 42. Kd5 Ke8 43. Kc6 Kd8 44. Kb7 Nc3 45. Kxa7 Nxb5+ 46. Kxb6 Nd4 47. Kc5 Ne6+ 48. Kc4 Bf4 49.
Kd5 Kd7 50. Ke4 g5 51. Kf5 Kc6 52. Ke4 Kc5 53. g4 Kc4 54. d7 Kc5 55. Kf5 Kd5 56. Kf6 Bxe5+ 57. Kf5 Bf4 58. Kf6 Kd6 59.
Kxf7 Kxd7 60. Kg6 Nc7 61. Kf5 Nd5 62. Ke4 Ne3 63. Kf3 Ke6 0-1

[Event "NJSK 2024 A"]
[Site "Groningen, Netherlands"]
[Date "2024.04.29"]
[Round "3.1"]
[White "Labruyere, Roger"]
[Black "Slagboom, Leandro"]
[Result "0-1"]
[TimeControl "90min/40moves + 30min + 30sec/move"]
[WhiteElo "2267"]
[BlackElo "2326"]

1. e4 e5 2. Nf3 Nc6 3. Bc4 Nf6 4.
d3 Be7 5. O-O O-O 6. a4 d5 7. exd5 Nxd5 8. h3 Kh8 9. Re1 f6 10. c3 a5 11. Na3 Nb6 12. Bb3 Bf5 13. Nb5 Qxd3 14. Nxc7 Rac8 15. Ne6 Rfe8 16.
Nh4 Qxd1 17. Rxd1 Bxe6 18. Bxe6 Rcd8 19. Be3 Rxd1+ 20. Rxd1 Nxa4 21. Rd7 Bf8 22. Bb3 Nxb2 23. Bc1 a4 24.
Ba2 a3 25. Bxb2 axb2 26. Rxb7 Nb4 27. Bb1 Rc8 28. Rd7 Rxc3 29. Rd1 Rc1 30. Rf1 Nd5 31. Nf3 Nc3 32. Nd2 g6 33. g4 Bh6 0-1

[Event "NJSK 2024 A"]
[Site "Groningen, Netherlands"]
[Date "2024.04.29"]
[Round "3.2"]
[White "Moskalets, Sofiia"]
[Black "Bakija, Alan"]
[Result "0-1"]
[TimeControl "90min/40moves + 30min + 30sec/move"]
[WhiteElo "2050"]
[BlackElo "2101"]

1. e4 d6 2. d4 Nf6 3. Nc3 e5 4. Nf3 Nbd7 5. Rg1 c6 6. g4 h6 7. Be3 Be7 8. Be2 Nf8 9. h3 Ng6 10.
Qd2 Nh7 11. O-O-O Ng5 12. Rg3 b5 13. Bd3 a6 14. Ne2 Nxf3 15. Rxf3 Bg5 16. dxe5 dxe5 17. Qc3 Qc7 18. Kb1 Be6 19.
Bc5 O-O-O 20. Rg3 Rd7 21. Nc1 Rhd8 22. Bb4 Re8 23. Nb3 Bxb3 24. axb3 Kb7 25. Ba5 Qc8 26. Ka2 Bd8 27. b4 Bxa5 28.
bxa5 c5 29. Be2 Rxd1 30. Bxd1 Nf4 31. g5 h5 32. Rf3 g6 33. b3 Qc7 34. h4 Qd6 35. Rxf4 exf4 36. Qg7 Re7 37. Bf3 Qe5 38.
Qf8 Rd7 39. Qg8 Qc3 40. Bd1 Qxa5+ 0-1

[Event "NJSK 2024 A"]
[Site "Groningen, Netherlands"]
[Date "2024.04.29"]
[Round "3.3"]
[White "Snijders, Take"]
[Black "Smid, Jelle"]
[Result "1/2-1/2"]
[TimeControl "90min/40moves + 30min + 30sec/move"]
[WhiteElo "2090"]
[BlackElo "1917"]

1. e4 e5 2. Nf3 Nc6 3. Bc4 Nf6 4. d3 Bc5 5. c3 d6 6. O-O O-O 7. Re1 a6 8. a4 Ba7 9. h3 h6 10.
Nbd2 Ne7 11. Nf1 Ng6 12. Ng3 c6 13. Bb3 Re8 14. d4 Qc7 15. a5 d5 16. dxe5 dxe4 17. exf6 Qxg3 18. Be3 Bxe3 19.
Rxe3 Qf4 20. fxg7 Bxh3 21. gxh3 exf3 22. Rxf3 Re1+ 23. Qxe1 Qxf3 24. Qe3 Qf5 25. Qxh6 Re8 26. Rd1 Qf6 27.
Kf1 Qf3 28. Kg1 Qf6 29. Kf1 Qf3 30. Kg1 Qf6 1/2-1/2

[Event "NJSK 2024 A"]
[Site "Groningen, Netherlands"]
[Date "2024.04.29"]
[Round "3.4"]
[White "Blom, Rens"]
[Black "Khatniuk, Anastasiia"]
[Result "1/2-1/2"]
[TimeControl "90min/40moves + 30min + 30sec/move"]
[WhiteElo "1963"]
[BlackElo "2012"]

1. c4 e6 2. e4 d5 3. cxd5 exd5 4. exd5 Nf6 5. Bb5+ Nbd7 6. Nc3 Be7 7. Nf3 O-O 8. d4 Nb6 9. h3 Nbxd5 10. O-O c6 11. Bd3 h6 12. Re1 Be6 13. Bd2 Re8 14. a3 Bf8 15. Na4 Nb6 16. Nxb6 Qxb6 17. Bc3 Nd5 18. Bc2 Qd8 19.
Ne5 Qf6 20. Qd3 g6 21. Qg3 Bg7 22. Bd2 Kh7 23. h4 Bf5 24. Bb3 Rad8 25. Rac1 Re7 26. Qh2 Qd6 27. g4 Bc8 28. h5 g5 29.
Bc2+ Kg8 30. Qg3 f6 31. Ng6 Qxg3+ 32. fxg3 Rxe1+ 33. Rxe1 Bxg4 34. Ne7+ Nxe7 35. Rxe7 Rd7 36. Re8+ Bf8 37.
Bb4 Bxh5 38. Bb3+ Bf7 39. Rxf8+ Kg7 40. Rxf7+ Rxf7 41. Bxf7 Kxf7 42. Kf2 h5 43. Kf3 b5 44. Ke4 Ke6 45.
Bc5 a5 46. Bb6 a4 47. Bd8 f5+ 48. Kd3 f4 49. gxf4 gxf4 50. Ke4 f3 51. Kxf3 Kd5 52. Bf6 Kc4 53. Kf4 b4 54. axb4 Kxb4 55.
Kg5 Kc4 56. Kxh5 a3 57. bxa3 c5 58. a4 cxd4 59. Be7 d3 60. Bg5 Kb4 1/2-1/2

[Event "NJSK 2024 A"]
[Site "Groningen, Netherlands"]
[Date "2024.04.29"]
[Round "3.5"]
[White "Leorato, Imanol"]
[Black "Van de Poel, Jona"]
[Result "1-0"]
[TimeControl "90min/40moves + 30min + 30sec/move"]
[WhiteElo "1837"]
[BlackElo "1865"]

1. e4 c5 2. Nf3 e6 3. d4 cxd4 4. Nxd4 Nf6 5. Nc3 Nc6 6. Ndb5 d6 7. Bf4 e5 8. Be3 a6 9. Na3 b5 10.
Nd5 Rb8 11. Nxf6+ Qxf6 12. Be2 Be6 13. Nb1 Be7 14. Nc3 Rc8 15. Nd5 Bxd5 16. exd5 Nb8 17. O-O Qg6 18. Rc1 O-O 19. f4 f5 20.
Qd2 e4 21. c4 bxc4 22. Rxc4 Rxc4 23. Bxc4 Rc8 24. Qe2 Qf6 25. Rc1 a5 26. Qd2 Bd8 27. Bb5 Rc7 28. Rxc7 Bxc7 29. Bd4 Qd8 30.
Qe3 Nd7 31. Bxd7 Qxd7 32. Qc3 Bd8 33. Kf2 Qe7 34. g3 g5 35. a4 gxf4 36. gxf4 Kf8 37. Qh3 Qf7 38. Qh6+ Ke7 39. Qg7 Qxg7 40.
Bxg7 Bb6+ 41. Ke2 Kf7 42. Bc3 Ke7 43. b4 axb4 44. Bxb4 Kd7 45. a5 Bd4 46. h4 h5 47. Ba3 Bf6 48.
a6 Kc7 49. Bxd6+ Kb6 50. Bf8 Bd4 51. d6 Kc6 52. Kd2 Bb6 53. Be7 Bc5 54. Kc3 Bb6 55. Kc4 Ba7 56. Kc3 Bc5 57. Bf8 Kd7 58.
Kc4 Ba7 59. Kd5 e3 60. Bg7 e2 61. Bc3 Be3 62. Ke5 Ba7 63. Kxf5 Kxd6 64. Kg5 Bd4 65. Be1 Ke6 66. f5+ Kf7 67.
Kxh5 Be3 68. Kg4 Kf6 69. h5 Ba7 70. h6 Kf7 71. Kf3 Kg8 72. Kxe2 Kh7 73. Bd2 Bd4 74. Kd3 Bb6 75. Ke4 Bc5 76.
Be3 Bd6 77. a7 Bb8 78. a8=Q Be5 79. Qb7+ Kh8 80. Kxe5 Kg8 81. Qg7# 1-0

[Event "NJSK 2024 A"]
[Site "Groningen, Netherlands"]
[Date "2024.04.29"]
[Round "3.6"]
[White "Van Hesselingen, Guido"]
[Black "Klugstedt, Vincent"]
[Result "1/2-1/2"]
[TimeControl "90min/40moves + 30min + 30sec/move"]
[WhiteElo "2016"]
[BlackElo "1913"]

1. e4 c5 2. Nf3 g6 3. d4 cxd4 4. Nxd4 Bg7 5. Nc3 Nc6 6. Be3 Nf6 7. Bc4 O-O 8. Bb3 d6 9. f3 Bd7 10.
h4 h5 11. Qd2 Na5 12. O-O-O Rc8 13. Kb1 Nc4 14. Bxc4 Rxc4 15. g4 Qc8 16. Rdg1 hxg4 17. h5 gxh5 18. Nd5 Nxd5 19. exd5 f5 20.
Rxh5 f4 21. Bf2 g3 22. Qd3 Rf6 23. Bxg3 Rxd4 24. Qxd4 fxg3 25. Rxg3 Bf5 26. Qd2 Kf7 27. Qg2 Bf8 28. Rgg5 Bg6 29.
Rh8 Qc5 30. Rxf8+ Kxf8 31. Rxg6 Rxg6 32. Qxg6 Qxd5 33. Qh6+ Ke8 34. Qh8+ Kf7 35. Qh7+ Ke8 36. Qh8+ Kd7 37. Qh3+ Kc7 38.
b3 Qd1+ 39. Kb2 Qd4+ 40. Kb1 e5 41. Qf5 a6 42. Qf7+ Kb6 43. Qf6 Kc5 44. a3 Qc3 45. Qf8 Qd4 46. Qf7 Kb6 47. Qf6 Ka7 48.
c4 Qc3 49. Qxd6 Qxb3+ 50. Ka1 Qxc4 51. Qxe5 Qf1+ 52. Ka2 Qxf3 53. Qd4+ b6 54. Qd7+ Qb7 55. Qd6 Qf7+ 56. Ka1 b5 57.
Qc5+ Kb7 58. Qd4 Qc4 59. Qd7+ Qc7 60. Qd5+ Kb6 61. Qd4+ Qc5 62. Qd8+ Qc7 1/2-1/2

[Event "NJSK 2024 A"]
[Site "Groningen, Netherlands"]
[Date "2024.04.29"]
[Round "3.7"]
[White "Wiersma, Camiel"]
[Black "Ramak, Vince"]
[Result "1-0"]
[TimeControl "90min/40moves + 30min + 30sec/move"]
[WhiteElo "1963"]
[BlackElo "1902"]

1. c4 f5 2. d4 e6 3. g3 Nf6 4. Bg2 Be7 5. Nh3 O-O 6. O-O d6 7. b3 Qe8 8. Bb2 c5 9. dxc5 dxc5 10.
Nc3 a6 11. Nf4 Ra7 12. e4 fxe4 13. Nxe4 Nxe4 14. Bxe4 Bf6 15. Bxf6 Rxf6 16. Qd3 Rh6 17. Rfe1 b5 18. Qd6 Nd7 19.
Bd5 Nf8 20. Qxc5 Re7 21. cxb5 g5 22. Bc6 Bd7 23. Qxg5+ Rg6 24. Nxg6 Nxg6 25. Bxd7 Rxd7 26. bxa6 1-0

[Event "NJSK 2024 A"]
[Site "Groningen, Netherlands"]
[Date "2024.04.30"]
[Round "4.2"]
[White "Smid, Jelle"]
[Black "Labruyere, Roger"]
[Result "1-0"]
[TimeControl "90min/40moves + 30min + 30sec/move"]
[WhiteElo "1917"]
[BlackElo "2267"]

1. e4 c5 2. Nf3 d6 3. d4 cxd4 4. Nxd4 Nf6 5. Nc3 a6 6. h3 e5 7. Nde2 h5 8. g3 Be7 9. Bg2 b5 10.
O-O Bb7 11. a4 b4 12. Nd5 Bxd5 13. exd5 Nbd7 14. Bd2 Rb8 15. a5 Nc5 16. Nc1 Rb5 17. Na2 Qb8 18. Qe1 b3 19. c4 Rb7 20.
Nb4 Rxb4 21. Bxb4 Nd3 22. Qc3 Nxb4 23. Qxb3 Nc6 24. Qa4 O-O 25. dxc6 h4 26. g4 Qc8 27. Qb3 e4 28. Qb7 Qe6 29.
Rfe1 g5 30. c7 Qc8 31. Bxe4 Nxe4 32. Qxe4 Bf6 33. Qc6 Kg7 34. Rad1 Be5 35. Rxe5 dxe5 36. Rd7 e4 37. Qd6 e3 38.
fxe3 Qe8 39. Kf2 Kh7 40. Qd5 Qc8 41. Rxf7+ Rxf7+ 42. Qxf7+ Kh6 43. Qf6+ Kh7 44. Qf5+ 1-0

[Event "NJSK 2024 A"]
[Site "Groningen, Netherlands"]
[Date "2024.04.30"]
[Round "4.3"]
[White "Leorato, Imanol"]
[Black "Snijders, Take"]
[Result "0-1"]
[TimeControl "90min/40moves + 30min + 30sec/move"]
[WhiteElo "1837"]
[BlackElo "2090"]

1. e4 c6 2. Nf3 d5 3. Nc3 dxe4 4. Nxe4 Nf6 5. Qe2 Nxe4 6. Qxe4 Nd7 7. Bc4 Nf6 8. Ne5 e6 9. Qe2 b5 10.
Bd3 Qc7 11. Nxc6 Bd6 12. Nd4 a6 13. Nf5 Bb7 14. Nxd6+ Qxd6 15. O-O h5 16. f3 Ng4 17. fxg4 hxg4 18. Qxg4 Qxh2+ 19. Kf2 Rh4 20.
Qe2 Bxg2 21. Ke1 Bxf1 22. Qxh2 Rxh2 23. Bxf1 Rd8 24. Bd3 Rd5 25. b3 Re5+ 26. Kf1 Rh1+ 0-1

[Event "NJSK 2024 A"]
[Site "Groningen, Netherlands"]
[Date "2024.04.30"]
[Round "4.4"]
[White "Moskalets, Sofiia"]
[Black "Blom, Rens"]
[Result "1/2-1/2"]
[TimeControl "90min/40moves + 30min + 30sec/move"]
[WhiteElo "2050"]
[BlackElo "1963"]

1. e4 d6 2. d4 Nf6 3. Nc3 g6 4. Be3 Bg7 5. Qd2 O-O 6. f3 e5 7. O-O-O exd4 8. Bxd4 a6 9. g4 Nc6 10.
Be3 b5 11. Bh6 Be6 12. Kb1 b4 13. Nce2 a5 14. Bxg7 Kxg7 15. Nd4 Nxd4 16. Qxd4 Kg8 17. h4 Nd7 18. g5 Ne5 19. f4 Nc6 20.
Qe3 b3 21. cxb3 a4 22. Bc4 Qc8 23. Ne2 axb3 24. Bxb3 Re8 25. Bxe6 Qxe6 26. Nc3 Nb4 27. Qh3 Nxa2 28. Nd5 Qxe4+ 29. Qd3 Qa4 30. Qd4 Qxd4 31. Rxd4 Re2 32. Rhd1 Rh2 33. Nf6+ Kg7 34. Re1 Rxh4 35. Re8 Rh1+ 36. Kc2 Rh2+ 37.
Rd2 Rxd2+ 38. Kxd2 Rxe8 39. Nxe8+ Kf8 40. Nxc7 Nb4 41. Kc3 Nc6 42. Nd5 Ke8 43. b4 Kd7 44. b5 Nd8 45. Kb4 Nb7 46.
Kc4 Ke6 47. Ne3 f6 48. Kd4 1/2-1/2

[Event "NJSK 2024 A"]
[Site "Groningen, Netherlands"]
[Date "2024.04.30"]
[Round "4.5"]
[White "Khatniuk, Anastasiia"]
[Black "Van Hesselingen, Guido"]
[Result "0-1"]
[TimeControl "90min/40moves + 30min + 30sec/move"]
[WhiteElo "2012"]
[BlackElo "2016"]

1. e4 e5 2. Nf3 Nc6 3. Bb5 a6 4. Ba4 Nf6 5. O-O Be7 6. Re1 b5 7. Bb3 d6 8. a4 Bg4 9. c3 O-O 10.
h3 Bxf3 11. Qxf3 Na5 12. Bc2 b4 13. d3 c5 14. Nd2 Rb8 15. Nf1 Ne8 16. Ng3 Bg5 17. Bxg5 Qxg5 18. Rad1 Nc6 19. Ne2 bxc3 20. bxc3 Nc7 21. d4 cxd4 22.
cxd4 Ne6 23. d5 Ncd4 24. Nxd4 Nxd4 25. Qd3 Rb2 26. Rc1 g6 27. Qd1 Rfb8 28. Re3 Kg7 29. Bd3 R8b3 30. Rc7 Ra3 31.
Qc1 Raa2 32. Bf1 Rxf2 33. Rcc3 Rxg2+ 0-1